 Dungeon Crawl Stone Soup version 0.28.0-53-g5a82cb258f (webtiles) character file.

Game seed: 458647762582415626

155 Sin92 the Covered (level 5, -2/33 HPs)
             Began as a Gargoyle Fighter on July 5, 2022.
             Killed from afar by an orc wizard (4 damage)
             ... with a puff of flame
             ... on level 4 of the Dungeon.
             The game lasted 00:02:37 (3975 turns).

Sin92 the Covered (Gargoyle Fighter)                Turns: 3975, Time: 00:02:38

Health: -2/33      AC: 15    Str: 19    XL:     5   Next: 37%
Magic:  5/5        EV:  5    Int:  9    God:
Gold:   144        SH:  4    Dex: 11    Spells: 4/4 levels left

rFire   . . .      SeeInvis .   a - +0 flail
rCold   . . .      Faith    .   c - +0 buckler
rNeg    + . .      Spirit   .   l - +0 plate armour
rPois   ∞          Reflect  .   (no helmet)
rElec   +          Harm     .   (no cloak)
rCorr   .          Rampage  .   (no gloves)
Will    .....                   (no boots)
Stlth   ..........              j - amulet of regeneration
HPRegen 0.91/turn               (no ring)
MPRegen 0.09/turn               (no ring)

@: no status effects
A: sickness immunity, AC +4, negative energy resistance 1, electricity
resistance, torment resistance 1, petrification resistance
a: no special abilities


You were on level 4 of the Dungeon.
You visited 1 branch of the dungeon, and saw 4 of its levels.

You collected 144 gold pieces.

Inventory:

Hand Weapons
 a - a +0 flail (weapon)
Armour
 b - a +0 scale mail
 c - a +0 buckler (worn)
 l - a +0 plate armour (worn)
Jewellery
 j - an amulet of regeneration (around neck)
Wands
 g - a wand of paralysis (10)
Scrolls
 f - a scroll of identify
Potions
 d - a potion of might
 e - a potion of degeneration
 i - a potion of magic
 k - a potion of mutation


   Skills:
 + Level 4.1 Fighting
 * Level 3.6 Maces & Flails
 + Level 4.1 Armour
 + Level 4.1 Shields


You had 4 spell levels left.
You didn't know any spells.
Your spell library contained the following spells:

 Spells                   Type           Power      Damage    Failure   Level
 Sting                    Tmut/Pois      0%         1d3       100%        1
 Ensorcelled Hibernation  Hex/Ice        0%         N/A       100%        2
 Poisonous Vapours        Pois/Air       0%         N/A       100%        2
 Spider Form              Tmut/Pois      0%         N/A       100%        3
 Anguish                  Hex/Necr       0%         N/A       100%        4
 Animate Armour           Summ/Erth      0%         N/A       100%        4
 Cause Fear               Hex            0%         N/A       100%        4
 Olgreb's Toxic Radiance  Pois           0%         N/A       100%        4
 Blade Hands              Tmut           0%         N/A       100%        5
 Iron Shot                Conj/Erth      0%         9d1       100%        6
 Dragon Form              Tmut           0%         N/A       100%        7
 Dragon's Call            Summ           0%         N/A       100%        9


Dungeon Overview and Level Annotations

Branches:
Dungeon (4/15)
 Temple: D:4-7

Altars:

Shops:
D:1 (   D:4 !


Innate Abilities, Weirdness & Mutations

You are immune to sickness and miasma.
Your stone body is resilient. (AC +4)
You are immune to poison.
You resist negative energy. (rN+)
You are resistant to electric shocks. (rElec)
You are resistant to unholy torment.
You are immune to petrification.


Message History

The orc hits you but does no damage.
The orc hits you from afar with a +0 trident.
You completely miss the orc. Something hits you but does no damage.
The orc barely misses you.
The orc hits you from afar with a +0 trident.
Unknown command.
You closely miss the orc.
You hear some strange, mumbled words.
You are confused.
The orc hits you with a +0 falchion of freezing.
The orc freezes you. The orc hits you but does no damage.
Unknown command.
You are too injured to fight recklessly!
You bump into the rock wall.
You hear some strange, mumbled words.
A puff of flame appears from out of thin air!
The puff of flame hits you!
* * * LOW HITPOINT WARNING * * *
The orc hits you but does no damage.
The orc hits you from afar with a +0 trident.
* * * LOW HITPOINT WARNING * * *
You bump into the rock wall.
Something hits you but does no damage. The orc hits you but does no damage. x2
You bump into the rock wall.
Something hits you but does no damage.
The orc hits you from afar with a +0 trident.
* * * LOW HITPOINT WARNING * * *
You bump into the rock wall.
You hear some strange, mumbled words.
A magic dart appears from out of thin air!
The magic dart hits you but does no damage.
The orc hits you but does no damage.
You bump into the rock wall.
Something completely misses you.
The orc hits you from afar with a +0 trident.
* * * LOW HITPOINT WARNING * * *
Unknown command.
You feel less confused.
You hear some strange, mumbled words.
A puff of flame appears from out of thin air!
The puff of flame hits you.
You die...

#...>.....#####
#.............#
#.....∩.).....##
#.##............
#.##....<.......
#..........#....
##.###....8# ...
#.#
#####.########
#@# #...........
#.# #...####....
#{# #......#....
#.....oo#
#.#.##....>.
.......o.
#+#.........
.........#
########..
.........+
#.......
#.......##
#.####..
#.......#
#.......


You could see 3 orcs.

Vanquished Creatures
  6 adders
  2 worms
  3 dart slugs
  5 orcs (D:3)
  4 bats
  3 endoplasms
  7 giant cockroaches
  11 goblins
  11 hobgoblins
  5 kobolds
  6 quokkas
  7 ball pythons
  4 frilled lizards
  6 rats
80 creatures vanquished.

Notes
Turn   | Place    | Note
-------+----------+-------------------------------------------
     0 | D:1      | Sin92 the Gargoyle Fighter began the quest for the Orb.
     0 | D:1      | Reached XP level 1. HP: 14/14 MP: 1/1
   226 | D:1      | Found Zuarch's Weapon Boutique.
   330 | D:1      | Reached XP level 2. HP: 19/19 MP: 2/2
   486 | D:1      | Found a faded altar of an unknown god.
  1002 | D:1      | Reached XP level 3. HP: 15/23 MP: 3/3
  1896 | D:2      | Reached XP level 4. HP: 29/29 MP: 4/4
  3188 | D:3      | Reached XP level 5. HP: 20/33 MP: 5/5
  3815 | D:4      | Found Pigooch's Distillery.
  3974 | D:4      | HP: 1/33 [orc/+0 trident (6)]
  3975 | D:4      | Killed from afar by an orc wizard

Illustrated notes

Levels and vault maps discovered:
D:1:      dpeg_arrival_morbid_curiosity, layout_loops_ring, serial_shops, shop,
          nicolae_ecumenical_snake_handling
D:2:      wad_river_or_something, layout_loops_corners
D:3:      layout_loops_cross, minmay_misc_feat_pillars, bh_walls_and_bars
D:4:      nicolae_cairo_tiling_very_big, layout_basic, serial_shops,
          nicolae_stop_n_shop_1

Skill      XL: |  1  2  3  4 |
---------------+-------------+-----
Maces & Flails | 3 |  3.6
Armour         | 4 |  4.1
Shields        | 4 |  4.1
Fighting       | 4 |  4.1

Action                   |  1- 3 |  4- 6 || total
-------------------------+-------+-------++-------
Melee: Flail             |   115 |   155 ||   270
  Use: Scroll            |       |     7 ||     7
Armor: Scale mail        |    61 |    16 ||    77
       Plate armour      |       |   103 ||   103
Dodge: Dodged            |    54 |    61 ||   115
Block: Buckler           |    32 |    40 ||    72
